 Dungeon Crawl Stone Soup version 0.28.0-1-gb440e238dd (webtiles) character file.

Game seed: 6332268138056199460

1051 issech the Cudgeller (level 8, -1/71 HPs)
             Began as a Troll Monk on Feb 25, 2022.
             Was a Believer of Hepliaklqana.
             Slain by an orc warrior (6 damage)
             ... on level 7 of the Dungeon.
             The game lasted 00:16:03 (4347 turns).

issech the Cudgeller (Troll Monk)                   Turns: 4347, Time: 00:16:03

Health: -1/71      AC: -7    Str: 20    XL:     8   Next: 5%
Magic:  0/7        EV: 11    Int:  6    God:    Hepliaklqana [**....]
Gold:   194        SH:  0    Dex: 14    Spells: 7/7 levels left

rFire   . . .      SeeInvis .   a - +0 mace
rCold   . . .      Faith    .   (no shield)
rNeg    . . .      Spirit   +   b - +0 robe
rPois   .          Reflect  .   (helmet restricted)
rElec   .          Harm     .   p - +0 cloak
rCorr   .          Rampage  .   (gloves unavailable)
Will    .....                   (boots unavailable)
Stlth   ++........              j - amulet of guardian spirit
HPRegen 1.01/turn               (no ring)
MPRegen 0.10/turn               (no ring)

@: corroded
A: reduced essence, large, unfitting armour, claws 3, regeneration 1, shaggy fur
1, tough skin 1
a: Renounce Religion, Recall Ancestor, Ancestor Identity


You were on level 7 of the Dungeon.
You worshipped Hepliaklqana.
Hepliaklqana was pleased with you.
You visited 2 branches of the dungeon, and saw 8 of its levels.

You collected 194 gold pieces.

Inventory:

Hand Weapons
 a - a +0 mace (weapon)
 s - a +0 arbalest
Missiles
 d - 110 stones (quivered)
 g - 4 javelins
Armour
 b - a +0 robe (worn)
 p - a +0 cloak (worn)
Jewellery
 j - an amulet of guardian spirit (around neck)
Wands
 q - a wand of flame (16)
Scrolls
 c - a scroll of torment
 f - 4 scrolls of amnesia
 h - 2 scrolls of noise
 i - a scroll of magic mapping
 l - 2 scrolls of fog
 m - 2 scrolls of fear {unknown}
 r - a scroll of acquirement {unknown}
Potions
 k - 4 potions of curing {unknown}
 n - a potion of heal wounds {unknown}
 o - a potion of berserk rage {unknown}


   Skills:
 + Level 4.6 Fighting
 + Level 6.5 Maces & Flails
 + Level 0.3 Throwing
 + Level 4.1 Dodging
 + Level 1.6 Stealth


You had 7 spell levels left.
You didn't know any spells.
Your spell library contained the following spells:

 Spells                   Type           Power      Damage    Failure   Level
 Beastly Appendage        Tmut           0%         N/A       45%         1
 Pain                     Necr           0%         1d4       45%         1
 Wereblood                Tmut           0%         N/A       58%         2
 Spider Form              Tmut/Pois      0%         N/A       83%         3
 Tukima's Dance           Hex            0%         N/A       83%         3
 Passage of Golubria      Tloc           0%         N/A       99%         4
 Agony                    Necr           0%         N/A       100%        5
 Excruciating Wounds      Necr           0%         N/A       100%        5
 Yara's Violent Unravell  Hex/Tmut       0%         3d3       100%        5


Dungeon Overview and Level Annotations

Branches:
Dungeon (7/15)             Temple (1/1) D:7

Altars:
Ashenzari
Cheibriados
Dithmenos
Fedhas
Hepliaklqana
Kikubaaqudgha
Nemelex Xobeh
Okawaru
Qazlal
Ru
Sif Muna
Trog
Vehumet
Wu Jian
Xom
Yredelemnul
Zin
The Shining One

Annotations:
D:2 1 runed translucent door, Crazy Yiuf
D:5 Blork the orc


Innate Abilities, Weirdness & Mutations

Your life essence is reduced to manifest your ancestor. (-10% HP)
You are too large for most types of armour.
You have claws for hands.
Your natural rate of healing is unusually fast.
You are covered in fur. (AC +1)
You have tough skin. (AC +1)


Message History

The jelly closely misses you.
An orc comes into view. It is wielding a +0 dagger.
The jelly hits you. The acid corrodes you!
You are splashed with acid!
You completely miss the jelly.
The jelly is severely wounded.
The jelly hits you.
You are splashed with acid.
The orc shouts!
You hit the jelly.
Your claws burn!
The jelly is almost dead.
The jelly hits you.
You are splashed with acid!
You hit the jelly but do no damage.
Your claws burn!
The jelly is almost dead.
The jelly hits you. The acid corrodes you!
You are splashed with acid!
You hit the jelly but do no damage.
Your claws burn!
The jelly is almost dead.
The jelly barely misses you.
Items here: )) [ รท.
You sock the jelly!
You kill the jelly!
You hit the orc warrior.
The orc warrior is severely wounded.
You hit the orc warrior but do no damage.
You claw the orc warrior, but do no damage.
The orc warrior is severely wounded.
The orc warrior hits you with a +0 hand axe.
You hit the orc warrior but do no damage.
Your claw misses the orc warrior.
The orc warrior is severely wounded.
The orc hits you with a +0 club.
The orc warrior hits you with a +0 hand axe!
* * * LOW HITPOINT WARNING * * *
You hit the orc but do no damage. The orc hits you with a +0 club.
* * * LOW HITPOINT WARNING * * *
The orc warrior hits you with a +0 hand axe!
* * * LOW HITPOINT WARNING * * *
The orc barely misses you.
You closely miss the orc warrior.
The orc warrior is severely wounded.
The orc warrior hits you with a +0 hand axe.
You die...

. ...##. .#
...... ###.
..#<.. ##..
#....# #..###
....#
##888###....#
##8...8#....#
#.o)o.8...#
#.8o@.8.#.# #
##.#888#...#
#.#........###
#....####.##
####.# #.# #o#
..# #.# #.##
#............
#..........##


You could see an orc warrior and 2 orcs.

Vanquished Creatures
  Grinder (D:4)
  Eustachio (D:4)
  A black bear (D:4)
  A hornet zombie (D:5)
  A howler monkey (D:6)
  A centaur zombie (D:5)
  3 hounds (D:4)
  2 jellies
  3 bullfrog skeletons
  Natasha (D:3)
  A hound skeleton (D:4)
  11 adders
  A howler monkey skeleton (D:4)
  An ufetubus (D:5)
  An adder skeleton (D:3)
  3 worms
  2 dart slugs (D:2)
  An orc (D:7)
  9 ball pythons
  11 endoplasms
  4 giant cockroaches
  4 goblins
  6 hobgoblins
  A kobold (D:3)
  2 quokkas
  7 bats
  7 frilled lizards
  5 rats
92 creatures vanquished.

Vanquished Creatures (collateral kills)
  An orc (D:7)
1 creature vanquished.

Vanquished Creatures (others)
  A battlemage (D:7)
1 creature vanquished.

Grand Total: 94 creatures vanquished

Notes
Turn   | Place    | Note
-------+----------+-------------------------------------------
     0 | D:1      | issech the Troll Monk began the quest for the Orb.
     0 | D:1      | Reached XP level 1. HP: 22/22 MP: 0/0
   252 | D:1      | Reached XP level 2. HP: 29/29 MP: 1/1
   962 | D:2      | Reached skill level 3 in Maces & Flails
  1072 | D:2      | Reached XP level 3. HP: 31/36 MP: 2/2
  1308 | D:2      | Reached XP level 4. HP: 45/45 MP: 3/3
  1450 | D:2      | Found a runed translucent door.
  1451 | D:2      | Noticed Crazy Yiuf
  1690 | D:3      | Noticed Natasha
  1701 | D:3      | Killed Natasha
  1702 | D:3      | Reached skill level 4 in Maces & Flails
  1702 | D:3      | Reached XP level 5. HP: 42/53 MP: 2/4
  1838 | D:3      | Found a bloodstained altar of Trog.
  2530 | D:4      | Noticed Eustachio
  2608 | D:4      | Noticed Grinder
  2652 | D:4      | Paralysed by Grinder for 7 turns
  2668 | D:4      | Paralysed by Grinder for 7 turns
  2680 | D:4      | Killed Grinder
  2681 | D:4      | Reached skill level 5 in Maces & Flails
  2681 | D:4      | Reached XP level 6. HP: 33/62 MP: 5/5
  2958 | D:4      | Reached XP level 7. HP: 61/68 MP: 6/6
  3075 | D:4      | Found a blossoming altar of Fedhas.
  3075 | D:4      | Found a shadowy altar of Dithmenos.
  3499 | D:4      | Killed Eustachio
  3500 | D:4      | Reached skill level 6 in Maces & Flails
  3584 | D:5      | Entered Level 5 of the Dungeon
  3762 | D:5      | Found a shimmering blue altar of Sif Muna.
  3877 | D:5      | Noticed Blork the orc
  4053 | D:6      | Reached XP level 8. HP: 27/79 MP: 2/7
  4082 | D:6      | You fall into a shaft and drop 1 floor!
  4082 | D:7      | Found a staircase to the Ecumenical Temple.
  4101 | Temple   | Entered the Ecumenical Temple
  4109 | Temple   | Became a worshipper of Hepliaklqana the Forgotten
  4109 | Temple   | Reached * piety under Hepliaklqana
  4109 | Temple   | Reached ** piety under Hepliaklqana
  4110 | Temple   | Remembered your ancestor Izel as a battlemage
  4345 | D:7      | HP: 3/71 [orc warrior (13)]
  4347 | D:7      | Slain by an orc warrior

Illustrated notes

Levels and vault maps discovered:
D:1:      dpeg_arrival_three_smaller_balls, layout_basic
D:2:      layout_rooms, minmay_tiny_reverse_x, uniq_crazy_yiuf_cottage
D:3:      layout_loops_cross, lemuel_doored_altar, minmay_misc_feat_square,
          uniq_natasha
D:4:      layout_basic, gammafunk_temple_overflow_pools, st_stairs_4,
          uniq_grinder, uniq_eustachio
D:5:      layout_basic, mainiacjoe_overflow_small_starburst, uniq_blork_the_orc,
          uniq_ijyb
D:6:      minmay_polygon_palace, layout_basic,
          gammafunk_temple_overflow_elements, serial_shops,
          nicolae_shop_hallway_stairs, kennysheep_mini, minmay_ruffians
D:7:      layout_rooms, minmay_temple_entry_statues
Temple:   eino_narrow_crystal_temple

Skill      XL: |  1  2  3  4  5  6  7 |
---------------+----------------------+-----
Maces & Flails | 3 4 5 6 |  6.5
Fighting       | 3 4 |  4.6
Dodging        | 3 4 |  4.1
Throwing       | |  0.3
Stealth        | |  1.6

Action                   |  1- 3 |  4- 6 |  7- 9 || total
-------------------------+-------+-------+-------++-------
Melee: Mace              |   113 |   167 |   156 ||   436
       Punch             |     2 |       |     3 ||     5
Throw: Dart              |       |       |     6 ||     6
Invok: Ancestor Life: Ba |       |       |     1 ||     1
Evoke: Wand              |       |     1 |       ||     1
  Use: Scroll            |     2 |     2 |     1 ||     5
 Stab: Sleeping          |     1 |     3 |       ||     4
Armor: Robe              |    68 |    59 |    96 ||   223
Dodge: Dodged            |    88 |    96 |   170 ||   354
